 Dungeon Crawl Stone Soup version 0.18-a0-1225-g5d63bca (webtiles) character file.

539 Duffy the Skirmisher (level 7, 0/39 HPs)
             Began as a Vine Stalker Fighter on Feb 4, 2016.
             Slain by an orc wizard
             ... wielding a +0 dagger
              (1 damage)
             ... on level 4 of the Dungeon.
             The game lasted 00:03:18 (3370 turns).

Duffy the Skirmisher (Vine Stalker Fighter)         Turns: 3370, Time: 00:03:18

Health: 0/39       AC: 14    Str: 20    XL:     7   Next: 26%
Magic:  0/8        EV:  5    Int: 15    God:
Gold:   254        SH:  4    Dex: 13    Spells: 0 memorised, 6 levels left

rFire  . . .     SeeInvis .     a - +0 flail
rCold  . . .     Gourm    .     h - +0 plate armour
rNeg   . . .     Faith    .     (no shield)
rPois  .         Spirit   +     g - +2 hat
rElec  .         Dismiss  .     (no cloak)
rCorr  .         Reflect  +     i - +0 pair of gloves
SustAt .         Harm     .     (no boots)
MR     .....                    j - +4 amulet of reflection
Stlth  ..........               (no ring)
                                w - +6 ring of intelligence

@: lethally poisoned (0 -> 0), not resistant to hostile enchantments, extremely
unstealthy
A: fangs 2, regeneration 2, magic shield, antimagic bite, no device heal 3, rot
immunity
a: no special abilities


You were on level 4 of the Dungeon.
You were not hungry.

You visited 1 branch of the dungeon, and saw 5 of its levels.

You collected 254 gold pieces.


Innate Abilities, Weirdness & Mutations

You have extremely sharp teeth.
You heal very quickly.
When hurt, damage is shared between your health and your magic reserves.
Your bite disrupts and absorbs the magic of your enemies.
Potions and wands cannot restore your health.
You are immune to rotting.


   Skills:
 - Level 5.2 Fighting
 + Level 5.0 Maces & Flails
 + Level 3.0 Armour
 - Level 2.6 Shields


You had 6 spell levels left.
You didn't know any spells.

Inventory:

Hand Weapons
 a - a +0 flail (weapon)
Missiles
 q - 28 poisoned needles
Armour
 b - a +0 scale mail
 c - a +0 shield
 g - a +2 hat (worn)
 h - a +0 plate armour (worn)
 i - a +0 pair of gloves (worn)
Jewellery
 j - a +4 amulet of reflection (around neck)
 w - a +6 ring of intelligence (left hand)
Wands
 s - a wand of enslavement (7/24)
 y - a wand of polymorph (9/24)
Scrolls
 e - 2 scrolls of immolation {unknown}
 k - 2 scrolls of enchant weapon {unknown}
 m - a scroll of recharging {unknown}
 o - a scroll of enchant armour {unknown}
 r - 2 scrolls of remove curse {unknown}
 v - 2 scrolls of amnesia {unknown}
 B - a scroll of noise {unknown}
Potions
 d - 6 potions of might
 l - a potion of heal wounds {unknown}
 p - a potion of curing {unknown}
 t - a potion of berserk rage
 x - a potion of brilliance {unknown}
 z - a potion of magic {unknown}
 A - a potion of ambrosia {unknown}
 D - 2 potions of flight {unknown}
Comestibles
 f - 4 bread rations
 n - a slice of pizza
 u - a meat ration

Dungeon Overview and Level Annotations

Branches:
Dungeon (5/15)
 Temple: D:4-7

Altars:
Gozag
Makhleb
Zin


Message History

The orc is heavily wounded.
You feel sick. You block the orc's attack.
You hit the orc wizard. Your bite misses the orc wizard.
The orc wizard is moderately wounded.
You block the orc's attack.
The orc wizard gestures at you while chanting.
The magic dart hits you!
You hit the orc wizard. Your bite misses the orc wizard.
The orc wizard is heavily wounded.
You feel sick. You block the orc's attack.
The orc wizard hits you but does no damage.
You miss the orc wizard.
The orc wizard is heavily wounded.
The orc hits you.
The orc wizard gestures at you while chanting.
The magic dart hits you!
You miss the orc wizard.
You bite the orc wizard, but do no damage.
The orc wizard is heavily wounded.
The orc hits you but does no damage. The orc wizard casts a spell at you.
You easily resist.
The orc barely misses you.
You closely miss the orc wizard. Your bite misses the orc wizard.
The orc wizard is heavily wounded.
You feel sick. The orc wizard barely misses you. The orc barely misses you.
The orc wizard hits you but does no damage.
You hit the orc wizard.
The orc wizard is heavily wounded.
The orc hits you but does no damage. The orc wizard casts a spell at you.
The magic dart hits you!
Your plate armour prevents you from hitting the orc wizard.
The orc wizard is heavily wounded.
The orc hits you but does no damage. The orc wizard hits you with a dagger.
You die...

............#
......o.....#
.........o..#
............#
......O.....#
........##..#
........##[.#
.......###o.##
.......##@o..#
.............#
#...........##
.
##..........#
# #..........#
#
##..........#
#........####
##........#
#.........#


You could see an orc wizard and an orc.

Action                   |  1- 3 |  4- 6 |  7- 9 || total
-------------------------+-------+-------+-------++-------
Melee: Flail             |   107 |   183 |    22 ||   312
  Eat: Chunk             |     3 |     5 |       ||     8

Notes
Turn   | Place    | Note
--------------------------------------------------------------
     0 | D:1      | Duffy the Vine Stalker Fighter began the quest for the Orb.
     0 | D:1      | Reached XP level 1. HP: 11/11 MP: 2/2
    77 | D:1      | Reached skill level 2 in Maces & Flails
   150 | D:1      | Reached XP level 2. HP: 11/16 MP: 3/3
   294 | D:1      | Reached skill level 3 in Fighting
  1039 | D:2      | Reached XP level 3. HP: 20/20 MP: 4/4
  1296 | D:2      | Found an opulent altar of Gozag.
  1816 | D:3      | Noticed Robin
  1819 | D:3      | Reached XP level 4. HP: 24/24 MP: 5/5
  1822 | D:3      | Reached skill level 3 in Maces & Flails
  1836 | D:3      | Killed Robin
  2153 | D:3      | Reached skill level 4 in Fighting
  2267 | D:3      | Reached XP level 5. HP: 27/29 MP: 6/6
  2565 | D:4      | Noticed Natasha
  2570 | D:4      | Killed Natasha
  2570 | D:4      | Gained mutation: You heal very quickly. [Vine Stalker growth]
  2570 | D:4      | Reached XP level 6. HP: 24/34 MP: 4/7
  2572 | D:4      | Noticed Natasha
  2602 | D:4      | Killed Natasha
  2602 | D:4      | Reached skill level 4 in Maces & Flails
  2610 | D:5      | Entered Level 5 of the Dungeon
  2767 | D:4      | Noticed Natasha
  2776 | D:4      | Killed Natasha
  2776 | D:4      | Reached skill level 5 in Fighting
  3166 | D:4      | Found a burning altar of Makhleb.
  3169 | D:4      | Found a glowing silver altar of Zin.
  3169 | D:4      | Noticed an angel
  3170 | D:4      | Noticed an Executioner
  3347 | D:4      | Reached XP level 7. HP: 20/39 MP: 8/8
  3358 | D:4      | Reached skill level 5 in Maces & Flails
  3358 | D:4      | Reached skill level 3 in Armour
  3370 | D:4      | Slain by an orc wizard

Vault maps used:
D:1:      minmay_arrival_stone_box, serial_bayou_lake_a
D:2:      lemuel_coloured_pillars_altar
D:3:      first_bread, serial_undead, serial_undead_e, serial_undead_b,
          serial_undead_f, serial_undead_b, serial_undead_c, serial_undead_a,
          serial_undead_a, serial_undead_d, serial_undead_e, serial_undead_c,
          hex_large, uniq_robin
D:4:      grunt_temple_overflow_order_and_chaos_2, minmay_box_of_dots,
          uniq_natasha
D:5:      minmay_opposing_rooms, evilmike_ruin_ashenzari,
          minmay_temple_entry_statues_pillars

Vanquished Creatures
  An ogre
  A hound
  An orc priest
  A centaur skeleton Natasha (thrice)
  An orc wizard
  4 worker ants
  3 hound skeletons Robin
  4 adders
  An ooze
  2 adder skeletons
  2 worms
  3 giant geckos
  4 orcs
  6 bats
  4 giant cockroaches
  19 goblins
  5 hobgoblins
  2 jackals
  3 kobolds
  A quokka
  A ball python
  A giant cockroach zombie
  A giant gecko skeleton
  A giant newt
  A quokka skeleton
  3 rats
80 creatures vanquished.
